 Dungeon Crawl Stone Soup version 0.23.2-30-g0e89c35649 (webtiles) character file.

Game seed: 9315643637579891522

709 XPEneeg3 the Skirmisher (level 7, -4/63 HPs)
             Began as a Hill Orc Fighter on June 9, 2019.
             Was a Follower of Beogh.
             Shot with an arrow by a centaur (7 damage)
             ... on level 5 of the Dungeon.
             The game lasted 00:17:59 (3698 turns).

XPEneeg3 the Skirmisher (Hill Orc Fighter)          Turns: 3698, Time: 00:18:00

Health: -4/63      AC: 10    Str: 21    XL:     7   Next: 68%
Magic:  0/7        EV:  7    Int:  8    God:    Beogh [*.....]
Gold:   49         SH: 10    Dex: 10    Spells: 6/6 levels left

rFire    . . .     SeeInvis .   x - +3 war axe of the Six Queens {chop, +Inv}
rCold    + . .     Gourm    .   c - +0 shield
rNeg     . . .     Faith    .   b - +0 scale mail
rPois    .         Spirit   +   (no helmet)
rElec    .         Reflect  .   p - +0 cloak
rCorr    .         Harm     .   r - +0 pair of gloves
MR       .....                  (no boots)
Stlth    ..........             B - amulet of guardian spirit
HPRegen  0.20/turn              o - ring of flight
MPRegen  0.10/turn              (no ring)

@: no status effects
A: claws 1, blurry vision 1, cold resistance 1, deterioration 1
a: Renounce Religion, Evoke Invisibility, Evoke Flight


You were on level 5 of the Dungeon.
You worshipped Beogh.
Beogh was aware of your devotion.
You were not hungry.

You visited 1 branch of the dungeon, and saw 5 of its levels.

You collected 278 gold pieces.
You spent 229 gold pieces at shops.

Inventory:

Hand Weapons
 q - a +4 club
 w - a +2 hand axe of chopping
 x - the +3 war axe of the Six Queens (weapon) {chop, +Inv}
   (You bought it in a shop on level 5 of the Dungeon)

   It inflicts extra damage upon your enemies.
   It lets you turn invisible.
Missiles
 h - 12 poisoned needles
Armour
 b - a +0 scale mail (worn)
 c - a +0 shield (worn)
 p - a +0 cloak (worn)
 r - a +0 pair of gloves (worn)
 v - a +2 robe of magic resistance
Jewellery
 o - a ring of flight (left hand)
 B - an amulet of guardian spirit (around neck)
Scrolls
 g - 4 scrolls of teleportation
 i - a scroll of enchant weapon
 l - a scroll of noise {unknown}
 u - 2 scrolls of enchant armour {unknown}
 y - a scroll of random uselessness {unknown}
 z - a scroll of fear {unknown}
 A - a scroll of magic mapping {unknown}
Potions
 d - a potion of might
 e - a potion of flight
 j - a potion of resistance {unknown}
 k - a potion of magic {unknown}
 m - a potion of brilliance {unknown}
 n - a potion of mutation
 s - a potion of cancellation
 C - a potion of heal wounds {unknown}
 D - a potion of ambrosia {unknown}
Comestibles
 f - 8 rations


   Skills:
 + Level 6.0 Fighting
 + Level 6.0 Axes
 + Level 5.5 Armour
 - Level 0.1 Dodging
 + Level 5.5 Shields


You had 6 spell levels left.
You didn't know any spells.
Your spell library was empty.

Dungeon Overview and Level Annotations

Branches:
Dungeon (5/15)             Temple (0/1) D:5

Altars:
Makhleb
Okawaru
Ru
Zin

Shops:
D:5 (*


Innate Abilities, Weirdness & Mutations

You have sharp fingernails.
Scrolls take you a little longer to read.
Your flesh is cold resistant. (rC+)
Your body sometimes deteriorates upon taking damage.


Message History

You completely miss the centaur.
The centaur is almost dead.
The centaur hits you.
* * * LOW HITPOINT WARNING * * *
The centaur hits you.
* * * LOW HITPOINT WARNING * * *
You take 3 damage, and have 2/62 hp.
You now have 0/7 mp.
You slash the centaur!
You kill the centaur!
Beogh accepts your kill.
Your Fighting skill increases to level 6!
Your Axes skill increases to level 6!
You block the giant cockroach's attack.
You closely miss the giant cockroach.
The giant cockroach bites you but does no damage. x2
You slash the giant cockroach!
You kill the giant cockroach!
Beogh accepts your kill.
The centaur shoots an arrow.
The arrow hits you!
You die...

.......#...# #)# #..# .
...#....(# #.#####..# ..
.....##.# #........#
..#.#...##.# ########.#
#.....s..##.# #.#
....#.##g##.## #.#
#.....))(..g.# #.#
#..#.###.(##g#########.#
#..##c)@........#
....############.#
#.##.# #...# #. #.#
#.### # #.# #.# ..# #.#
#.# ##### #.# ##...###.#


You could see a centaur and 2 gnolls.

Vanquished Creatures
  2 centaurs
  A bullfrog (D:4)
  Blork the orc (D:4)
  A gnoll shaman (D:4)
  A hound (D:4)
  An orc priest (D:3)
  Jessica (D:3)
  Ijyb (D:3)
  An orc wizard (D:4)
  3 worker ants
  4 gnolls (D:4)
  3 adders
  An ooze (D:2)
  An adder skeleton (D:5)
  2 dart slugs (D:1)
  19 orcs
  2 ball pythons (D:1)
  5 bats
  2 giant cockroaches
  12 goblins
  3 hobgoblins
  16 jackals
  10 kobolds
  A quokka (D:3)
  2 frilled lizards
  A leopard gecko skeleton (D:5)
  8 rats
  A fungus (D:2)
106 creatures vanquished.

Vanquished Creatures (others)
  A goblin (D:3)
  A bat (D:3)
  4 toadstools (D:2)
6 creatures vanquished.

Grand Total: 112 creatures vanquished

Notes
Turn   | Place    | Note
-------+----------+-------------------------------------------
     0 | D:1      | XPEneeg3 the Hill Orc Fighter began the quest for the Orb.
     0 | D:1      | Reached XP level 1. HP: 19/19 MP: 1/1
    49 | D:1      | Reached XP level 2. HP: 23/27 MP: 2/2
   173 | D:1      | Reached XP level 3. HP: 29/33 MP: 3/3
   801 | D:2      | Reached XP level 4. HP: 38/40 MP: 4/4
  1424 | D:2      | Noticed a centaur
  1432 | D:2      | Killed a centaur
  1432 | D:2      | Reached XP level 5. HP: 26/47 MP: 5/5
  1769 | D:3      | Became a worshipper of Beogh the Brigand
  1897 | D:3      | Noticed Jessica
  1920 | D:3      | Killed Jessica
  2045 | D:3      | Noticed Ijyb
  2075 | D:3      | Killed Ijyb
  2075 | D:3      | Reached XP level 6. HP: 38/55 MP: 6/6
  2093 | D:3      | Found a glowing silver altar of Zin.
  2093 | D:3      | Found a burning altar of Makhleb.
  2093 | D:3      | Found an iron altar of Okawaru.
  2291 | D:3      | Reached skill level 5 in Fighting
  2796 | D:3      | Found a faded altar of an unknown god.
  2921 | D:4      | Reached skill level 5 in Axes
  3011 | D:4      | Reached skill level 5 in Shields
  3013 | D:4      | Reached skill level 5 in Armour
  3020 | D:4      | Reached XP level 7. HP: 57/61 MP: 7/7
  3041 | D:4      | Noticed Blork the orc
  3051 | D:4      | Killed Blork the orc
  3060 | D:4      | Found a sacrificial altar of Ru.
  3202 | D:4      | Reached * piety under Beogh
  3311 | D:5      | Entered Level 5 of the Dungeon
  3313 | D:5      | Gained mutation: Scrolls take you a little longer to read.
                  | [potion of mutation]
  3313 | D:5      | Gained mutation: Your body sometimes deteriorates upon
                  | taking damage. [potion of mutation]
  3313 | D:5      | Gained mutation: Your flesh is cold resistant. (rC+)
                  | [potion of mutation]
  3313 | D:5      | Gained mutation: You have sharp fingernails. [potion of
                  | mutation]
  3455 | D:5      | Found Ytsoid's General Store.
  3622 | D:5      | Found Uwonen's Antique Weapon Boutique.
  3630 | D:5      | Bought an ancient war axe for 229 gold pieces
  3630 | D:5      | Identified the cursed +3 war axe of the Six Queens {chop,
                  | +Inv} (You bought it in a shop on level 5 of the Dungeon)
  3667 | D:5      | Found a staircase to the Ecumenical Temple.
  3695 | D:5      | HP: 2/62 [centaur (2)]
  3698 | D:5      | Shot with an arrow by a centaur

Skill      XL: |  1  2  3  4  5  6  7 |
---------------+----------------------+-----
Axes           | 3 4 5 6 |  6.0
Fighting       | 4 5 6 |  6.0
Shields        | 4 5 |  5.5
Armour         | 4 5 |  5.5
Dodging        | |  0.1

Action                   |  1- 3 |  4- 6 |  7- 9 || total
-------------------------+-------+-------+-------++-------
Melee: War axe           |   103 |   121 |    24 ||   248
       Unarmed           |       |    16 |       ||    16
       Hand axe          |       |    18 |    39 ||    57
Invok: Convert to Beogh  |       |     1 |       ||     1
  Use: Scroll            |       |     2 |     2 ||     4
       Potion            |       |     3 |     1 ||     4
  Eat: Chunk             |       |     7 |     2 ||     9
Armor: Scale mail        |    66 |    57 |    22 ||   145
       Skin              |       |     2 |       ||     2
Dodge: Dodged            |    38 |    49 |    17 ||   104
Block: Shield            |    64 |    59 |    46 ||   169
